Map: 여명 - 래더 (공허의 유산)

Players

Patience - Winner!

  • Race: Protoss Protoss
  • Spawn Location: 7:00

Forte

  • Race: Terran Terran
  • League: Master
  • Spawn Location: 1:00

VOD

Have the link to the VOD?

Description

Time

  • Played on: Nov. 26, 2016, 4:39 a.m.
  • Length: 6:01
Show
View Real Time Build Order
Export as new Build Order

Patience Protoss - Winner!

Build Orders: 1 Gate Expand, Blink Stalkers 

Get SALT Encoding   

  12  0:01  Probe (Chrono Boost)  
  13  0:11  Probe (Chrono Boost)  
  14  0:18  Pylon  
  14  0:22  Probe (Chrono Boost)  
  15  0:36  Probe (Chrono Boost)  
  15  0:37  Gateway  
  16  0:44  Assimilator  
  16  0:47  Probe (Chrono Boost)  
  17  0:57  Probe (Chrono Boost)  
  18  1:08  Probe (Chrono Boost)  
  19  1:18  Probe (Chrono Boost)  
  20  1:30  Nexus  
  20  1:34  Cybernetics Core  
  20  1:36  Probe (Chrono Boost)  
  21  1:42  Assimilator  
  22  1:47  Probe (Chrono Boost)  
  22  1:52  Pylon  
  22  1:57  Probe (Chrono Boost)  
  23  2:10  Adept  
  23  2:11  Mothership Core (Chrono Boost)  
  27  2:18  Warp Gate  
  27  2:29  Probe (Chrono Boost)  
  28  2:40  Probe (Chrono Boost)  
  28  2:42  Probe (Chrono Boost)  
  28  2:44  Robotics Facility  
  30  2:50  Probe (Chrono Boost)  
  31  2:53  Probe (Chrono Boost)  
  32  3:01  Probe (Chrono Boost)  
  32  3:03  Probe (Chrono Boost)  
  32  3:05  Twilight Council  
  34  3:11  Probe (Chrono Boost)  
  35  3:14  Probe (Chrono Boost)  
  35  3:19  Pylon  
  36  3:22  Probe (Chrono Boost)  
  36  3:25  Probe (Chrono Boost), Blink  
  37  3:27  Gateway  
  37  3:29  Observer  
  37  3:30  Gateway  
  39  3:34  Probe (Chrono Boost)  
  39  3:37  Probe (Chrono Boost)  
  40  3:45  Assimilator  
  40  3:47  Assimilator  
  41  3:49  Observer  
  41  3:50  Probe (Chrono Boost)  
  41  3:52  Probe (Chrono Boost)  
  41  3:55  Pylon  
  43  4:02  Probe (Chrono Boost)  
  45  4:04  Probe (Chrono Boost)  
  45  4:06  Warp Prism  
  45  4:14  Probe (Chrono Boost)  
  45  4:16  Probe (Chrono Boost)  
  49  4:19  Dark Shrine  
  49  4:25  Stalker x2  
  53  4:33  Stalker  
  53  4:35  Probe (Chrono Boost)  
  53  4:36  Probe (Chrono Boost)  
  56  4:41  Pylon  
  56  4:52  Stalker  
  58  5:04  Probe x2 (Chrono Boost)  
  58  5:05  Stalker x2  
  64  5:11  Pylon  
  64  5:12  Pylon  
  64  5:16  Probe (Chrono Boost)  
  64  5:17  Observer  
  66  5:27  Probe (Chrono Boost)  
  66  5:28  Probe (Chrono Boost)  
  68  5:30  Nexus  
  68  5:34  Dark Templar x3  
  74  5:39  Probe (Chrono Boost)  
  74  5:40  Probe (Chrono Boost)  
Show
View Real Time Build Order
Export as new Build Order

Forte Terran 

Build Orders: Cyclone Opening, Reaper Expand, Mech 

Get SALT Encoding   

  12  0:00  SCV  
  13  0:13  SCV  
  14  0:17  Supply Depot  
  14  0:25  SCV  
  15  0:30  Refinery  
  15  0:39  SCV  
  16  0:45  Barracks  
  16  0:51  SCV  
  17  1:03  SCV  
  18  1:15  SCV  
  19  1:32  Orbital Command  
  19  1:33  Reaper  
  20  1:45  Command Center  
  20  1:56  Factory  
  20  2:00  SCV  
  21  2:07  Barracks Reactor  
  21  2:11  Supply Depot  
  21  2:14  SCV  
  22  2:19  Refinery  
  22  2:26  SCV  
  23  2:38  SCV  
  24  2:50  SCV  
  25  2:54  Cyclone  
  25  2:56  Orbital Command  
  28  3:02  Cyclone  
  28  3:03  SCV  
  32  3:15  SCV  
  33  3:23  SCV  
  33  3:26  Cyclone  
  37  3:28  SCV  
  38  3:35  SCV  
  38  3:39  Cyclone  
  38  3:40  Supply Depot  
  38  3:41  SCV  
  43  3:46  Command Center  
  43  3:48  SCV  
  44  3:53  SCV  
  45  4:02  Factory  
  45  4:03  SCV  
  45  4:04  Supply Depot  
  45  4:05  SCV  
  45  4:06  Refinery  
  45  4:08  Refinery  
  47  4:10  Barracks Tech Lab  
  47  4:15  SCV  
  48  4:17  SCV  
  49  4:24  Supply Depot  
  49  4:33  Cyclone  
  49  4:36  SCV x2  
  53  4:48  SCV x2  
  52  4:52  Cyclone  
  49  5:00  Orbital Command  
  49  5:01  SCV x2  
  49  5:04  Siege Tank  
  49  5:05  Hellion  
  53  5:13  SCV x2  
  55  5:17  Factory  
  55  5:25  Hellion, SCV x2  
  55  5:26  SCV  
  60  5:29  Hellion  
  63  5:45  SCV x3  
Tags
 
Add a new tag
Caveats
  • Supply blocks, unpowered buildings, or Contaminate may cause inaccurate times.
  • Supply counts are checked every 10 seconds.